 Dungeon Crawl Stone Soup version 0.18-a0-1563-g3d1bdcc (webtiles) character file.

63 Gottschkopf the Ruffian (level 3, 0/28 HPs)
             Began as a Draconian Transmuter on Mar 14, 2016.
             Slain by Terence
             ... wielding a +0 flail
              (7 damage)
             ... on level 3 of the Dungeon.
             The game lasted 00:04:30 (2007 turns).

Gottschkopf the Ruffian (Draconian Transmuter)      Turns: 2007, Time: 00:04:30

Health: 0/28       AC:  6    Str: 12    XL:     3   Next: 87%
Magic:  1/6        EV: 12    Int: 19    God:
Gold:   100        SH:  0    Dex: 11    Spells: 3 memorised, 0 levels left

rFire  . . .     SeeInvis .       - Unarmed
rCold  . . .     Gourm    .     (armour unavailable)
rNeg   . . .     Faith    .     (no shield)
rPois  .         Spirit   .     (helmet restricted)
rElec  .         Dismiss  .     (no cloak)
rCorr  +         Reflect  .     p - +0 pair of gloves
SustAt .         Harm     .     (boots currently unavailable)
MR     .....                    (no amulet)
Stlth  +.........               (no ring)
                                o - ring of resist corrosion

@: brilliant, appendage, very slightly contaminated, not resistant to hostile
enchantments, very unstealthy
A: unfitting armour, talons 3, cold-blooded, AC +5
a: End Transformation


You were on level 3 of the Dungeon.
You were hungry.
You had grown temporary talons.
You visited 1 branch of the dungeon, and saw 3 of its levels.

You collected 100 gold pieces.

Inventory:

Missiles
 a - 53 arrows
 n - 9 arrows of frost
Armour
 p - a +0 pair of gloves (worn)
Jewellery
 o - a ring of resist corrosion (left hand)
Scrolls
 h - 2 scrolls of amnesia {unknown}
 j - 4 scrolls of magic mapping {unknown}
 k - a scroll of remove curse {unknown}
 m - 2 scrolls of identify {unknown}
 s - a scroll of teleportation {unknown}
Potions
 g - a potion of lignification {unknown}
 i - 3 potions of invisibility {unknown}
 l - a potion of cure mutation {unknown}
 q - a potion of mutation {unknown}
 r - a potion of curing {unknown}
Books
 b - a book of Changes

   Spells                             Type                      Level
   a - Beastly Appendage              Transmutation                1
   b - Sticks to Snakes               Transmutation                2
   c - Spider Form                    Transmutation/Poison         3
   d - Ice Form                       Ice/Transmutation            4
   e - Blade Hands                    Transmutation                5
Comestibles
 c - 3 bread rations
 d - 7 fruits
 f - 4 chunks of flesh
 t - a slice of pizza
 u - 2 beef jerkies


   Skills:
 - Level 1.1 Fighting
 - Level 1.7 Dodging
 - Level 4.2 Unarmed Combat
 - Level 2.0 Spellcasting
 + Level 2.5 Transmutations
 * Level 1.3 Poison Magic


You couldn't memorise any spells.
You knew the following spells:

 Your Spells              Type           Power        Failure   Level  Hunger
a - Beastly Appendage     Trmt           ###...       1%          1    #......
b - Sticks to Snakes      Trmt           ###.....     1%          2    ###....
c - Spider Form           Trmt/Pois      ###.......   3%          3    ###....


Dungeon Overview and Level Annotations

Branches:
Dungeon (3/15)

Altars:

Annotations:
D:3 Robin, Terence


Innate Abilities, Weirdness & Mutations

Your plain brown scales are hard (AC +5).
Your body does not fit into most forms of armour.
You are cold-blooded and may be slowed by cold attacks.
You have claws for feet.


Message History

Terence is heavily wounded.
Terence hits you with a flail.
* * * LOW HITPOINT WARNING * * *
Drink which item? (? for menu, Esc to quit)
It was a potion of brilliance.
You feel clever all of a sudden. Terence hits you but does no damage.
You hit Terence but do no damage. You claw Terence, but do no damage.
You punch Terence, but do no damage.
Terence is heavily wounded.
Terence hits you but does no damage.
You hit Terence.
Terence is severely wounded.
You hit Terence but do no damage.
Terence is severely wounded.
Terence misses you.
You hit Terence but do no damage.
Terence is severely wounded.
Terence hits you with a flail!
You die...

#......†..##........)..#
#.....###.###...##.....#
#.....# #.......######.#
####### #####.### #...
#.# #...# #.# ....# #
#.# .#.# <####.####.# ##
.......@@..#
.##.#..##### #.. ....
..... ######


You could see Terence.

Vanquished Creatures
  An adder (D:3)
  A worm (D:3)
  3 dart slugs (D:1)
  2 giant geckos (D:2)
  9 goblins
  5 hobgoblins
  5 jackals
  4 kobolds
  A ball python (D:1)
  4 bats
  3 giant newts
  A rat (D:3)
39 creatures vanquished.

Vanquished Creatures (collateral kills)
  A rat (D:1)
1 creature vanquished.

Grand Total: 40 creatures vanquished

Notes
Turn   | Place    | Note
--------------------------------------------------------------
     0 | D:1      | Gottschkopf the Draconian Transmuter began the quest for the Orb.
     0 | D:1      | Reached XP level 1. HP: 16/16 MP: 3/3
   392 | D:1      | Reached XP level 2. HP: 23/23 MP: 3/5
   396 | D:1      | Learned a level 2 spell: Sticks to Snakes
   573 | D:1      | Reached skill level 4 in Unarmed Combat
  1149 | D:2      | Reached XP level 3. HP: 28/28 MP: 6/6
  1154 | D:2      | Learned a level 3 spell: Spider Form
  1790 | D:3      | Reached skill level 1 in Poison Magic
  1799 | D:3      | Noticed Robin
  1982 | D:3      | Noticed Terence
  2007 | D:3      | Slain by Terence

Vault maps used:
D:1:      dpeg_arrival_ternary, minmay_misc_feat_encased
D:3:      minitemple, uniq_crazy_yiuf_cottage, uniq_terence, uniq_robin

Skill      XL: |  1  2  3 |
---------------+----------+-----
Unarmed Combat | 4 |  4.2
Poison Magic   | 1 |  1.3
Fighting       | |  1.1
Dodging        | |  1.7
Spellcasting   | |  2.0
Transmutations | |  2.5

Action                   || total
-------------------------++-------
Melee: Unarmed           ||   152
 Cast: Beastly Appendage ||    18
       Sticks to Snakes  ||     1
  Use: Potion            ||     1
 Stab: Sleeping          ||     2
  Eat: Chunk             ||     4
